 Dungeon Crawl Stone Soup version 0.13-a0-2676-gd993d8a (webtiles) character file.

297 M4edhros the Magician (level 5, -3/32 HPs)
             Began as an Octopode Wanderer on Aug 12, 2013.
             Was an Initiate of Cheibriados.
             Splashed by Sigmund the jelly's acid (13 damage)
             ... on Level 2 of the Dungeon.
             The game lasted 00:07:26 (2436 turns).

M4edhros the Magician (Octopode Wanderer)           Turns: 2436, Time: 00:07:26

HP  -3/32        AC  1     Str 12      XL: 5   Next: 40%
MP  10/12        EV 11     Int 16      God: Cheibriados [......]
Gold 139         SH  0     Dex 13      Spells:  2 memorised, 10 levels left

Res.Fire  : . . .   See Invis. : .   (no weapon)
Res.Cold  : . . .   Warding    : .   (no shield)
Life Prot.: . . .   Conserve   : .   (helmet restricted)
Res.Poison: .       Res.Corr.  : .   (no amulet)
Res.Elec. : .       Clarity    : .   (no ring)
Sust.Abil.: . .     Spirit.Shd : .   (no ring)
Res.Mut.  : .       Stasis     : .   (no ring)
Res.Rott. : .       Flight     : .   (no ring)
Saprovore : . . .                    (no ring)
                                     (no ring)
                                     (no ring)
                                     (no ring)

@: very slightly contaminated, very slow, slightly resistant to hostile
enchantments, fairly stealthy
A: almost no armour, amphibious, 8 rings, constrict 8, camouflage 1, AC +1
a: Renounce Religion


You were on level 2 of the Dungeon.
You worshipped Cheibriados.
Cheibriados was pleased with you.
You were not hungry.

You visited 1 branch of the dungeon, and saw 3 of its levels.

You collected 89 gold pieces.

Inventory:

Hand weapons
 e - a +0,+0 short sword
 j - a +0,+2 short sword
 q - a +2,+2 elven short sword of electrocution
Magical devices
 n - a wand of polymorph (0)
Comestibles
 c - a sausage
 d - 5 bread rations
 h - 2 meat rations
 k - an apple
 l - an apricot
Scrolls
 f - a scroll of blinking {unknown}
 o - a scroll of magic mapping {unknown}
Potions
 b - a potion of restore abilities {unknown}
 i - a potion of cure mutation {unknown}
 m - a potion of poison {unknown}
 p - a potion of heal wounds {unknown}
Books
 a - a book of Minor Magic

   Spells                             Type                      Level
   *Magic Dart                        Conjuration                  1
   Blink                              Translocation                2
   Call Imp                           Summoning                    2
   Repel Missiles                     Charms/Air                   2
   Slow                               Hexes                        2
   Conjure Flame                      Conjuration/Fire             3
   *Mephitic Cloud                    Conjuration/Poison/Air       3


   Skills:
 - Level 1.0 Fighting
 - Level 2.1 Short Blades
   Level 2.0 Maces & Flails
 - Level 1.0 Throwing
 + Level 0.4 Unarmed Combat
 - Level 5.0 Spellcasting
 + Level 1.3 Conjurations
 + Level 0.7 Air Magic
   Level 1.0 Earth Magic
 + Level 1.4 Poison Magic
 - Level 1.1 Evocations


You had 10 spell levels left.
You knew the following spells:

 Your Spells              Type           Power        Failure   Level  Hunger
a - Magic Dart            Conj           #...         10%         1    None
b - Mephitic Cloud        Conj/Pois/Air  #.......     34%         3    ###....


Dungeon Overview and Level Annotations

Branches:
Dungeon (3/27)

Altars:
Cheibriados

Annotations
D:2 Sigmund


Innate Abilities, Weirdness & Mutations

You cannot wear most types of armour.
You are amphibious.
You can wear up to eight rings at the same time.
You can use your tentacles to constrict many enemies at once.
Your skin changes colour to match your surroundings (Stlth).
Your rubbery body absorbs attacks (AC +1).


Message History

Okay, then.
Drink which item? (? for menu, Esc to quit)
Okay, then.
You hit Sigmund but do no damage.
Your tentacles burn!
You squeeze Sigmund!
Sigmund is moderately wounded.
You hit Sigmund.
Your tentacles burn!
Sigmund is heavily wounded.
Sigmund closely misses you.
You completely miss Sigmund.
Sigmund is heavily wounded.
Sigmund hits you.
You are splashed with acid!
The acid burns!
* * * LOW HITPOINT WARNING * * *
Drink which item? (? for menu, Esc to quit)
You feel better. Sigmund hits you.
You are splashed with acid!
The acid burns!
* * * LOW HITPOINT WARNING * * *
Drink which item? (? for menu, Esc to quit)
You feel better. Sigmund barely misses you.
Drink which item? (? for menu, Esc to quit)
You feel better. Sigmund hits you.
You are splashed with acid!
The acid burns!
You die...

#.# ##..# #.# ####'###
#########.## #......#
#..........#####......#
#....)......(.##......#
#...[......##..+......#
#......(...#####......'
#..........# #......#
######@##### #......#
#J## ###'#### #..# ###.#
######.### #...#
#####...%....######'#####
#..............#........#
'.###........#.#........#
l #........# +........##
.... #?.......#
#........'.


You could see Sigmund the jelly.

Vanquished Creatures
  A hound (D:3)
  A worker ant (D:3)
  Ijyb (D:2)
  3 adders
  A giant mite (D:1)
  A grey rat (D:2)
  A giant gecko (D:2)
  An ooze (D:2)
  2 ball pythons (D:1)
  3 bats
  A giant cockroach (D:2)
  8 goblins
  7 hobgoblins
  3 jackals (D:3)
  6 kobolds
  6 rats
46 creatures vanquished.

Notes
Turn   | Place    | Note
--------------------------------------------------------------
     0 | D:1      | M4edhros, the Octopode Wanderer, began the quest for the Orb.
     0 | D:1      | Reached XP level 1. HP: 12/12 MP: 3/3
   380 | D:1      | Reached XP level 2. HP: 18/18 MP: 5/5
   898 | D:2      | Learned a level 1 spell: Magic Dart
   901 | D:2      | Reached skill level 1 in Short Blades
   901 | D:2      | Reached XP level 3. HP: 22/22 MP: 2/7
  1100 | D:3      | Reached skill level 5 in Spellcasting
  1100 | D:3      | Reached XP level 4. HP: 27/27 MP: 5/10
  1139 | D:3      | Learned a level 3 spell: Mephitic Cloud
  1560 | D:3      | Reached skill level 1 in Poison Magic
  1560 | D:3      | Reached XP level 5. HP: 14/32 MP: 12/12
  1723 | D:3      | Reached skill level 1 in Conjurations
  1724 | D:3      | Found a snail-covered altar of Cheibriados.
  1745 | D:3      | Became a worshipper of Cheibriados the Contemplative
  2201 | D:2      | Noticed Sigmund
  2364 | D:2      | Noticed Ijyb
  2371 | D:2      | Killed Ijyb
  2372 | D:2      | Noticed Terence
  2376 | D:2      | Noticed Terence
  2376 | D:2      | Terence changed into Terence the grey rat
  2382 | D:2      | Killed Terence the grey rat
  2423 | D:2      | Noticed Sigmund
  2423 | D:2      | Sigmund changed into Sigmund the jelly
  2434 | D:2      | HP: 1/32 [acid (9)]
  2436 | D:2      | Splashed by Sigmund the jelly's acid

Action                   |  1- 3 |  4- 6 || total
-------------------------+-------+-------++-------
Melee: Short sword       |    49 |    31 ||    80
       Mace              |     2 |       ||     2
       Unarmed           |       |    27 ||    27
 Cast: Magic Dart        |     9 |     4 ||    13
Evoke: Wand              |       |     3 ||     3
  Use: Scroll            |     2 |       ||     2
       Potion            |       |     3 ||     3
 Stab: Sleeping          |     3 |     2 ||     5
